 Dungeon Crawl Stone Soup version 0.25-a0-782-g655279ceaa (webtiles) character file.

Game seed: 2320194659181104957, levelgen mode: deterministic

23 Flugslaktarn the Shield-Bearer (level 2, 0/27 HPs)
             Began as a Minotaur Fighter on Apr 16, 2020.
             Slain by an adder (1 damage)
             ... on level 3 of the Dungeon.
             The game lasted 00:00:16 (361 turns).

Flugslaktarn the Shield-Bearer (Minotaur Fighter)    Turns: 361, Time: 00:00:17

Health: 0/27       AC:  7    Str: 20    XL:     2   Next: 72%
Magic:  1/1        EV:  7    Int:  5    God:
Gold:   9          SH:  9    Dex:  9    Spells: 1/1 levels left

rFire    . . .     SeeInvis .   a - +0 war axe
rCold    . . .     Gourm    .   c - +0 kite shield
rNeg     . . .     Faith    .   b - +0 scale mail
rPois    .         Spirit   .   (helmet restricted)
rElec    .         Reflect  .   (no cloak)
rCorr    .         Harm     .   (no gloves)
MR       .....                  (no boots)
Stlth    ..........             (no amulet)
HPRegen  0.09/turn              (no ring)
MPRegen  0.07/turn              (no ring)

@: no status effects
A: retaliatory headbutt, horns 2
a: no special abilities


You were on level 3 of the Dungeon.
You were not hungry.

You visited 1 branch of the dungeon, and saw 3 of its levels.

You collected 9 gold pieces.

Inventory:

Hand Weapons
 a - a +0 war axe (weapon)
Armour
 b - a +0 scale mail (worn)
 c - a +0 kite shield (worn)
Scrolls
 f - a scroll of teleportation {unknown}
Potions
 d - a potion of might
Comestibles
 e - 2 rations


   Skills:
 + Level 3.9 Fighting
 * Level 3.2 Axes
 + Level 3.9 Armour
 + Level 3.9 Shields


You had one spell level left.
You didn't know any spells.
Your spell library was empty.

Dungeon Overview and Level Annotations

Branches:
Dungeon (3/15)

Altars:
Gozag


Innate Abilities, Weirdness & Mutations

You reflexively headbutt those who attack you in melee.
You have a pair of horns on your head.


Message History

Something hits you.
* * * LOW HITPOINT WARNING * * *
You closely miss something. Your headbutt misses something.
Something hits you but does no damage.
A bat comes into view.
Something hits you.
* * * LOW HITPOINT WARNING * * *
You barely miss something. You headbutt something.
Something hits you but does no damage.
You closely miss something. You slash the bat!
You kill the bat!
Your shield and scale mail prevent you from hitting the adder.
Something hits you but does no damage. The adder bites you but does no damage.
Something hits you but does no damage. You block the adder's attack.
You closely miss the adder. You miss something. The adder bites you.
* * * LOW HITPOINT WARNING * * *
Something hits you but does no damage. You block the adder's attack.
Something hits you but does no damage.
You barely miss the adder. You miss something. The adder bites you.
You die...

.. .. ###.#
.## .... ...
#.... ..# ..
#. ..##..#..#
.. ...>.....
#. #S†....# #
..##..#@# .#
......#{###
... #..)og.#
8...
####.#.#.....
##)#....._.
#..<##...
#...# .8...
#...# ....
#...# #.#


You could see an adder, an orc and a hobgoblin.

Vanquished Creatures
  A worm (D:2)
  A dart slug (D:2)
  3 orcs (D:3)
  A giant cockroach (D:3)
  2 goblins (D:1)
  2 hobgoblins
  A quokka (D:2)
  A bat (D:3)
  2 rats
14 creatures vanquished.

Notes
Turn   | Place    | Note
-------+----------+-------------------------------------------
     0 | D:1      | Flugslaktarn the Minotaur Fighter began the quest for the
                  | Orb.
     0 | D:1      | Reached XP level 1. HP: 19/19 MP: 0/0
    36 | D:2      | Reached XP level 2. HP: 4/27 MP: 1/1
   324 | D:3      | Found an opulent altar of Gozag.
   360 | D:3      | HP: 1/27 [adder (2)]
   361 | D:3      | Slain by an adder

Levels and vault maps discovered:
D:1:      erik_arrival_triangle_huge, layout_basic
D:2:      layout_loops_cross, chequers_ecumenical_altar_simple_redux,
          first_ration
D:3:      layout_loops_cross, gammafunk_temple_overflow_arena,
          old_standard_altar, minmay_crystal_room, grunt_gozag_statues

Skill      XL: |  1  2 |
---------------+-------+-----
Axes           | 3 |  3.2
Fighting       | |  3.9
Armour         | |  3.9
Shields        | |  3.9

Action                   || total
-------------------------++-------
Melee: War axe           ||    42
       Headbutt          ||     7
Armor: Scale mail        ||    14
Dodge: Dodged            ||     3
Block: Kite shield       ||    15

Table legend:
 A = Non-vault XP
 B = Vault XP
 C = Vault XP percentage of total XP
 D = Non-vault monster count
 E = Vault monster count
 F = Vault count percentage of total count
                 A         B        C        D         E       F
            +---------+---------+-------+---------+---------+-------
      Total |      33 |       0 |   0.0 |      14 |       0 |   0.0
            +---------+---------+-------+---------+---------+-------
        D:1 |       7 |       0 |   0.0 |       4 |       0 |   0.0
        D:2 |      13 |       0 |   0.0 |       4 |       0 |   0.0
        D:3 |      13 |       0 |   0.0 |       6 |       0 |   0.0
            +---------+---------+-------+---------+---------+-------
